 Dungeon Crawl Stone Soup version 0.17.0-23-g0de4337 (webtiles) character file.

105 JudasIscariot the Shield-Bearer (level 4, 0/29 HPs)
             Began as a Gargoyle Fighter on Nov 14, 2015.
             Slain by Grinder (6 damage)
             ... on level 3 of the Dungeon.
             The game lasted 00:04:09 (1703 turns).

JudasIscariot the Shield-Bearer (Gargoyle Fighter)  Turns: 1703, Time: 00:04:11

Health: 0/29       AC: 11    Str: 22    XL:     4   Next: 83%
Magic:  4/4        EV:  7    Int:  9    God:
Gold:   162        SH:  9    Dex:  9    Spells: 0 memorised, 3 levels left

rFire  . . .     SeeInvis .     a - +0 war axe
rCold  . . .     Clarity  .     b - +0 scale mail
rNeg   + . .     SustAt   .     c - +0 shield
rPois  ∞         Gourm    .     (no helmet)
rElec  +         Spirit   .     (no cloak)
rCorr  .         Warding  .     l - +0 pair of gloves
rMut   .         Stasis   +     (no boots)
MR     .....                    g - amulet of stasis
Stlth  ..........               (no ring)
                                q - +2 ring of strength

@: not resistant to hostile enchantments, extremely unstealthy
A: negative energy resistance 1, electricity resistance, unbreathing,
petrification resistance, rot immunity, AC +3
a: no special abilities


You were on level 3 of the Dungeon.
You were not hungry.

You visited 1 branch of the dungeon, and saw 3 of its levels.

You collected 162 gold pieces.

Inventory:

Hand Weapons
 a - a +0 war axe (weapon)
Armour
 b - a +0 scale mail (worn)
 c - a +0 shield (worn)
 l - a +0 pair of gloves (worn)
Jewellery
 g - an amulet of stasis (around neck)
 q - a +2 ring of strength (left hand)
 r - an uncursed ring of protection from magic {unknown}
Scrolls
 f - 3 scrolls of enchant armour {unknown}
 h - a scroll of random uselessness {unknown}
 m - a scroll of blinking {unknown}
 n - 2 scrolls of teleportation {unknown}
 t - a scroll of magic mapping {unknown}
 v - a scroll of identify {unknown}
Potions
 d - a potion of curing {unknown}
 j - a potion of magic {unknown}
 o - a potion of heal wounds {unknown}
 p - a potion of invisibility {unknown}
 s - a potion of lignification {unknown}
Comestibles
 e - 2 bread rations
 i - a slice of pizza
 k - 3 meat rations
 u - 3 chunks of flesh


   Skills:
 * Level 3.8 Fighting
 * Level 2.5 Axes
 * Level 4.0 Armour
 * Level 4.5 Shields


You had 3 spell levels left.
You didn't know any spells.

Dungeon Overview and Level Annotations

Branches:
Dungeon (3/15)

Altars:
Makhleb

Annotations:
D:3 Grinder


Innate Abilities, Weirdness & Mutations

You are resistant to torment.
Your stone body is resilient (AC +3).
You are immune to poison.
You resist negative energy.
You are resistant to electric shocks.
You can survive without breathing.
You are immune to petrification.
You are immune to rotting.


Message History

You block Grinder's attack.
You hit Grinder but do no damage.
Grinder is almost dead.
Grinder grins, showing sharp teeth.
You block Grinder's attack.
Grinder gestures.
Grinder blinks!
You block Grinder's attack.
Some of the chunks of flesh in your inventory have rotted away.
You closely miss Grinder.
Grinder is severely wounded.
Grinder gestures at you.
You barely resist. You closely miss Grinder.
Grinder is severely wounded.
Grinder gestures at you. Pain shoots through your body!
* * * LOW HITPOINT WARNING * * *
Grinder hits you.
You die...

#.# #######.#
#.......#
#.#####.#
#.##### #.....#
#.###.# ##...#
#.####†..@#.#.#
#......_..5)..#
###.#....####.#
# #...## ###.#
..# ##.# #..
###


You could see Grinder.

Vanquished Creatures
  Terence (D:2)
  4 adders
  A worm (D:2)
  A giant gecko (D:1)
  5 bats
  A giant cockroach (D:2)
  A goblin (D:1)
  9 hobgoblins
  3 jackals (D:2)
  2 quokkas (D:3)
  4 giant newts
  5 kobolds
  7 rats
44 creatures vanquished.

Notes
Turn   | Place    | Note
--------------------------------------------------------------
     0 | D:1      | JudasIscariot the Gargoyle Fighter began the quest for the Orb.
     0 | D:1      | Reached XP level 1. HP: 14/14 MP: 1/1
   169 | D:1      | Reached XP level 2. HP: 19/19 MP: 2/2
   816 | D:2      | Noticed Terence
   823 | D:2      | Killed Terence
   823 | D:2      | Reached skill level 4 in Shields
   823 | D:2      | Reached XP level 3. HP: 21/24 MP: 3/3
   843 | D:2      | Reached XP level 4. HP: 26/29 MP: 4/4
  1669 | D:3      | Found a burning altar of Makhleb.
  1671 | D:3      | Noticed Grinder
  1703 | D:3      | Slain by Grinder

Action                   |  1- 3 |  4- 6 || total
-------------------------+-------+-------++-------
Melee: War axe           |    53 |   105 ||   158
  Use: Potion            |     1 |       ||     1
  Eat: Chunk             |       |     3 ||     3
